 Dungeon Crawl Stone Soup version 0.17-a0-1295-gefc790a (webtiles) character file.

51 MonkeyBuisness the Covered (level 3, 0/24 HPs)
             Began as a Gargoyle Fighter on June 7, 2015.
             Slain by a gnoll
             ... wielding a +0 spear
              (3 damage)
             ... on level 2 of the Dungeon.
             The game lasted 00:01:34 (1189 turns).

MonkeyBuisness the Covered (Gargoyle Fighter)       Turns: 1189, Time: 00:01:35

Health: 0/24       AC: 10    Str: 25    XL:     3   Next: 81%
Magic:  3/3        EV: 10    Int:  8    God:
Gold:   39         SH:  0    Dex:  9    Spells: 0 memorised, 2 levels left

rFire  . . .     SeeInvis .     a - +0 war axe
rCold  . . .     Clarity  .     b - +0 scale mail
rNeg   + . .     SustAt   .     (no shield)
rPois  ∞         Gourm    .     (no helmet)
rElec  +         Spirit   .     (no cloak)
rCorr  .         Warding  .     (no gloves)
rMut   .         Stasis   .     (no boots)
MR     .....                    (no amulet)
Stlth  ..........               (no ring)
                                (no ring)

@: mighty, not resistant to hostile enchantments, extremely unstealthy
A: negative energy resistance 1, electricity resistance, unbreathing,
petrification resistance, rot immunity, AC +3
a: no special abilities


You were on level 2 of the Dungeon.
You were hungry.

You visited 1 branch of the dungeon, and saw 2 of its levels.

You collected 39 gold pieces.

Inventory:

Hand weapons
 a - a +0 war axe (weapon)
Armour
 b - a +0 scale mail (worn)
Scrolls
 g - a scroll of identify {unknown}
 k - a scroll of teleportation {unknown}
Potions
 c - a potion of cancellation {unknown}
 d - a potion of might
 f - a potion of heal wounds {unknown}
 i - a potion of poison {unknown}
 j - a potion of cure mutation {unknown}
Comestibles
 e - a bread ration {@e1}
 h - 2 slices of pizza


   Skills:
 + Level 3.8 Fighting
 + Level 2.4 Axes
 + Level 3.8 Armour
 + Level 0.8 Dodging
   Level 3.2 Shields


You had 2 spell levels left.
You didn't know any spells.

Dungeon Overview and Level Annotations

Branches:
Dungeon (2/15)

Altars:


Innate Abilities, Weirdness & Mutations

You are resistant to torment.
Your stone body is resilient (AC +3).
You are immune to poison.
You resist negative energy.
You are resistant to electric shocks.
You can survive without breathing.
You are immune to petrification.
You are immune to rotting.


Message History

There is an open door here.
There are monsters nearby!
The rat bites you.
You take 1 damage, and have 23/24 hp.
There are monsters nearby!
You slash the rat!
You kill the rat!
The kobold throws a stone.
The stone hits you but does no damage.
A kobold is nearby!
The kobold barely misses you.
A kobold is nearby!
You barely miss the kobold. The kobold hits you but does no damage.
You hit the kobold but do no damage. The kobold barely misses you.
The kobold misses you.
You hit the kobold.
You kill the kobold!
No target in view!
You see here a whip.
You see here 5 tomahawks.
A rat comes into view.
Health restored: 24 A rat is nearby!
A rat is nearby!
A rat is nearby!
The rat barely misses you.
A rat is nearby!
You slash the rat!
You kill the rat!
A giant newt comes into view.
A giant newt is nearby!
A giant newt is nearby!
The giant newt barely misses you.
A giant newt is nearby!
A giant newt is nearby!
You barely miss the giant newt.
The giant newt bites you but does no damage. x2
A giant newt is nearby!
You completely miss the giant newt. The giant newt barely misses you.
A giant newt is nearby!
You hit the giant newt.
You kill the giant newt!
Found a pair of glowing boots.
No target in view!
You see here a pair of glowing boots.
You see here a robe.
A rat comes into view.
A rat is nearby!
The rat closely misses you.
A rat is nearby!
You hit the rat.
You kill the rat!
No target in view!
No target in view!
You open the door.
A goblin and 2 gnolls come into view.
The goblin shouts!
You hear a shout!
A gnoll comes into view. It is wielding a spear.
The gnoll shouts!
The goblin hits you but does no damage.
A gnoll comes into view. It is wielding a whip.
There is an open door here.
You completely miss the goblin.
The gnoll shouts!
The goblin hits you with a club.
A hobgoblin comes into view. It is wielding a club.
You take 1 damage, and have 23/24 hp.
The hobgoblin shouts!
You hit the goblin.
You kill the goblin!
The gnoll hits you but does no damage.
The gnoll hits you but does no damage. x2
The gnoll hits you from afar with a spear!
You see here a club.
You take 7 damage, and have 16/24 hp.
MASSIVE DAMAGE!!
You feel very mighty all of a sudden. The gnoll closely misses you.
The gnoll hits you but does no damage.
You slash the gnoll!
You kill the gnoll!
The gnoll closely misses you.
The gnoll hits you from afar with a spear.
The gnoll hits you but does no damage.
You take 6 damage, and have 10/24 hp.
MASSIVE DAMAGE!!
You barely miss the gnoll. The gnoll closely misses you.
The gnoll hits you from afar with a spear.
* * * LOW HITPOINT WARNING * * *
The gnoll hits you but does no damage. The gnoll hits you with a whip.
* * * LOW HITPOINT WARNING * * *
You take 5 damage, and have 5/24 hp.
MASSIVE DAMAGE!!
You barely miss the gnoll.
The gnoll hits you from afar with a spear.
* * * LOW HITPOINT WARNING * * *
The gnoll hits you but does no damage. x2
You take 2 damage, and have 3/24 hp.
You slice the gnoll!!
You kill the gnoll!
The gnoll hits you from afar with a spear.
You die... ........# #......? #...... #.....# ..... ggg

#)# #@#
###'#####
#.......#
#....[..#
#...(...#
########
#.......#
#...[..#
#.......#
#.####.#
#.......#
#.# #.#
#.......#
#.# #.#


You could see 2 gnolls and a hobgoblin.

Vanquished Creatures
  2 gnolls (D:2)
  A giant gecko (D:1)
  5 bats (D:1)
  A giant cockroach (D:1)
  3 hobgoblins (D:1)
  8 kobolds
  2 giant newts
  6 goblins
  5 rats
33 creatures vanquished.

Notes
Turn   | Place    | Note
--------------------------------------------------------------
     0 | D:1      | MonkeyBuisness the Gargoyle Fighter began the quest for the Orb.
     0 | D:1      | Reached XP level 1. HP: 14/14 MP: 1/1
    44 | D:1      | Reached skill level 2 in Axes
    61 | D:1      | Reached XP level 2. HP: 13/19 MP: 2/2
   467 | D:1      | Reached XP level 3. HP: 21/24 MP: 3/3
  1187 | D:2      | HP: 5/24 [gnoll/whip (2)]
  1189 | D:2      | Slain by a gnoll

Vault maps used:
D:1:      scummos_arrival_simple_crosswalls
D:2:      nicolae_overflow_crystal_walls

Action                   || total
-------------------------++-------
Melee: War axe           ||    81
  Use: Potion            ||     1

Vault maps used:
D:1:      scummos_arrival_simple_crosswalls
D:2:      nicolae_overflow_crystal_walls

Table legend:
 A = Turns spent in this place as a percentage of turns spent in the entire game.
 B = Non-inter-level travel turns spent in this place as a percentage of non-inter-level travel turns spent in the entire game.
 C = Inter-level travel turns spent in this place as a percentage of turns spent in this place.
 D = Turns resting spent in this place as a percentage of non-inter-level travel turns spent in this place.
 E = Turns spent auto-exploring this place as a percentage of non-inter-level travel turns spent in this place.
 F = Non-inter-level travel turns spent in this place divided by the number of levels of this place that you've seen.
                   A       B       C       D       E      F
               +-------+-------+-------+-------+-------+----------------------
         Total | 100.0 | 100.0 |   0.3 |   0.3 |  11.5 | 179.0
       Dungeon | 100.0 | 100.0 |   0.3 |   0.3 |  11.5 | 179.0
               +-------+-------+-------+-------+-------+----------------------

Table legend:
 A = Kills in this place as a percentage of kills in entire the game.
 B = Kills by you in this place as a percentage of kills by you in the entire game.
 C = Kills by friends in this place as a percentage of kills by friends in the entire game.
 D = Other kills in this place as a percentage of other kills in the entire game.
 E = Experience gained in this place as a percentage of experience gained in the entire game.
 F = Experience gained in this place divided by the number of levels of this place that you have seen.
                   A       B       C       D       E      F
               +-------+-------+-------+-------+-------+----------------------
         Total | 100.0 | 100.0 |  -nan |  -nan | 100.0 |  36.5
       Dungeon | 100.0 | 100.0 |  -nan |  -nan | 100.0 |  36.5
               +-------+-------+-------+-------+-------+----------------------
